 Dungeon Crawl Stone Soup version 0.29.1-1-gd02db6906a (webtiles) character file.

Game seed: 17580414777703304735

17964 concernfroge the Cruncher (level 12, -9/97 HPs)
             Began as a Mummy Monk on Sept 17, 2022.
             Was an Initiate of Gozag.
             Mangled by Agnes
             ... wielding a +4 lajatang of speed
              (22 damage)
             ... on level 14 of the Dungeon.
             The game lasted 00:31:47 (11561 turns).

concernfroge the Cruncher (Mummy Monk)             Turns: 11561, Time: 00:31:49

Health: -9/97      AC: 20    Str: 25    XL:     12   Next: 23%
Magic:  0/12       EV: 17    Int:  9    God:    Gozag
Gold:   1301       SH:  0    Dex: 15    Spells: 11/11 levels left

rFire   . . .      SeeInvis .   n - +0 lajatang (spect)
rCold   + + .      Faith    .   (shield currently unavailable)
rNeg    + + +      Spirit   +   t - +4 scale mail {rF+}
rPois   ∞          Reflect  .   v - +1 hat {Will+}
rElec   .          Harm     .   x - +4 cloak "Cuodaer" {rC+}
rCorr   .          Rampage  .   w - +0 pair of gloves
Will    ++...                   y - +2 pair of boots {Fly}
Stlth   +.........              i - amulet of guardian spirit
HPRegen 0.26/turn               d - +4 ring of evasion
MPRegen 0.13/turn               f - +6 ring of strength

@: about to teleport, flying, studying Polearms
A: cold resistance 1, negative energy resistance 3, torment resistance 2, heat
vulnerability 1, in touch with death 1, no potions
a: Renounce Religion, Potion Petition, Call Merchant, Bribe Branch


You were on level 14 of the Dungeon.
You worshipped Gozag.
Gozag was most pleased with you.
You visited 2 branches of the dungeon, and saw 14 of its levels.

You collected 2551 gold pieces.
You spent 1250 gold pieces at shops.

Inventory:

Hand Weapons
 n - a +0 spectral lajatang (weapon)
Missiles
 e - 6 javelins
 k - 29 poisoned darts (quivered)
 q - 4 boomerangs
Armour
 o - a +0 kite shield
 t - a +4 scale mail of fire resistance (worn)
 v - a +1 hat of willpower (worn)
 w - a +0 pair of gloves (worn)
 x - the +4 cloak "Cuodaer" (worn) {rC+}
   (You bought it in a shop on level 10 of the Dungeon)

   rC:        It protects you from cold.
 y - a +2 pair of boots of flying (worn)
Jewellery
 d - a +4 ring of evasion (left hand)
 f - a +6 ring of strength (right hand)
 h - a +6 ring of dexterity
 i - an amulet of guardian spirit (around neck)
 A - a ring of protection from fire
 C - a ring of see invisible
Wands
 l - a wand of paralysis (8)
 s - a wand of flame (22)
 z - a wand of iceblast (4)
 B - a wand of acid (6)
Scrolls
 a - 2 scrolls of vulnerability
 b - 3 scrolls of amnesia
 c - 4 scrolls of enchant weapon
 g - 3 scrolls of noise
 j - a scroll of butterflies
 m - 2 scrolls of immolation
 p - a scroll of blinking
 r - 3 scrolls of teleportation
 u - 2 scrolls of identify
 D - a scroll of enchant armour


   Skills:
 - Level 10.0 Fighting
 - Level 2.4(9.3) Polearms
 - Level 13.8(14.0) Staves
 + Level 6.4 Dodging
 - Level 1.5 Stealth


You had 11 spell levels left.
You didn't know any spells.
Your spell library contained the following spells:

 Spells                   Type           Power      Damage    Failure   Level
 Apportation              Tloc           0%         N/A       69%         1
 Leda's Liquefaction      Hex/Erth       0%         N/A       100%        4
 Petrify                  Tmut/Erth      0%         N/A       100%        4
 Alistair's Intoxication  Tmut/Pois      0%         N/A       100%        5
 Irradiate                Conj/Tmut      0%         3d11      100%        5


Dungeon Overview and Level Annotations

Branches:
Dungeon (14/15)            Temple (1/1) D:4            Lair (0/5) D:10
    Orc: D:9-12      Vaults: D:13-14

Altars:
Ashenzari
Cheibriados
Dithmenos
Fedhas
Gozag
Hepliaklqana
Kikubaaqudgha
Makhleb
Nemelex Xobeh
Okawaru
Qazlal
Ru
Sif Muna
Trog
Uskayaw
Vehumet
Wu Jian
Xom
Yredelemnul

Shops:
D:2 ([   D:6 !   D:10 [

Portals:
Trove: D:12 (give 12 scrolls of teleportation)

Annotations:
D:3 Grinder
D:11 exclusion: ice statue
D:14 Agnes


Innate Abilities, Weirdness & Mutations

You are immune to poison.
Your flesh is cold resistant. (rC+)
You are immune to negative energy. (rN+++)
You are immune to unholy pain and torment.
You are vulnerable to heat. (rF-)
You are in touch with the powers of death.
You do not drink.


Message History

Your +0 spectral lajatang hits the manticore!
You slash the manticore!
The manticore is heavily wounded.
Your +0 spectral lajatang closely misses the manticore.
The manticore bites you but does no damage.
The manticore claws you but does no damage.
The manticore completely misses you.
You slice the manticore!!
The manticore is almost dead.
Your +0 spectral lajatang barely misses the manticore.
The manticore bites you but does no damage.
The manticore misses you. x2
You slice the manticore!!
You kill the manticore!
No target in view!
You now have 1301 gold pieces (gained 19).
You reach down and open the door.
There is an open door here.
You reach down and open the door.
Found a rapier.
HP restored.
There is an open door here.
You reach down and open the door.
Agnes the Wanderer comes into view.
She is wielding a +4 lajatang of speed.
Agnes shouts!
You barely miss Agnes.
Your +0 spectral lajatang hits Agnes!
Agnes hits you with a +4 lajatang of speed! x2
You closely miss Agnes.
Agnes is lightly wounded.
Your +0 spectral lajatang misses Agnes.
Agnes hits you with a +4 lajatang of speed!! x2
As you read the scroll of teleportation, it crumbles to dust.
You feel strangely unstable.
Agnes hits you with a +4 lajatang of speed!
* * * LOW HITPOINT WARNING * * *
Agnes hits you with a +4 lajatang of speed!
* * * LOW HITPOINT WARNING * * *
Agnes hits you with a +4 lajatang of speed!!
You die...
Your body crumbles into a pile of gold.

###### #############
#)...# ..#........$..
#....#...#...........
#...@i...#...........
#...§#...#........^..
#....#####..>#.......
#....'...#...#.......
#....#...#...#.......
##+###.$.#...########
#....'...#...#
#....#...#...#
#....#...'...#


You could see Agnes.

Vanquished Creatures
  Gastronok (D:9)
  Erolcha (D:9)
  A boulder beetle (D:11)
  A death knight (D:11)
  2 two-headed ogres (D:11)
  3 manticores
  2 cyclopes (D:11)
  Joseph (D:9)
  A tengu conjurer (D:11)
  A hornet (D:10)
  5 trolls (D:11)
  Prince Ribbit (D:7)
  A slime creature (D:11)
  Sigmund (D:3)
  A shadow (D:11)
  3 wraiths
  2 basilisks (D:10)
  15 yaks
  4 wyverns
  Grum (D:9)
  2 steam dragons
  2 vampire mosquitoes (D:10)
  2 acid dragons (D:11)
  7 water moccasins
  2 ice beasts
  8 orc warriors
  2 ogres (D:5)
  2 sky beasts
  2 wolves (D:9)
  2 black bears
  2 phantoms
  4 centaurs
  3 kobold brigands
  7 bullfrogs
  3 scorpions
  3 necrophages
  4 wights (D:8)
  5 killer bees (D:9)
  An electric eel (D:6)
  3 howler monkeys
  A gnoll bouda (D:4)
  5 orc priests
  2 hounds (D:4)
  A jelly (D:7)
  2 iguanas
  Natasha (twice) (D:3)
  8 orc wizards
  9 gnolls
  7 adders
  A shadow imp (D:7)
  2 white imps
  An ufetubus (D:6)
  A worm (D:3)
  A dart slug (D:1)
  24 orcs
  5 endoplasms
  6 giant cockroaches
  15 goblins
  9 hobgoblins
  10 jackals
  20 kobolds
  2 quokkas
  6 ball pythons
  5 bats
  4 frilled lizards
  7 rats
270 creatures vanquished.

Vanquished Creatures (others)
  A shadow imp (D:5)
  4 fungi (D:10)
  5 plants (D:10)
10 creatures vanquished.

Grand Total: 280 creatures vanquished

Notes
Turn   | Place    | Note
-------+----------+-------------------------------------------
     0 | D:1      | concernfroge the Mummy Monk began the quest for the Orb.
     0 | D:1      | Reached XP level 1. HP: 18/18 MP: 1/1
    56 | D:1      | Reached XP level 2. HP: 9/24 MP: 2/2
   355 | D:1      | Found a faded altar of an unknown god.
   631 | D:1      | Gained mutation: You are in touch with the powers of death.
                  | [Mummy growth]
   631 | D:1      | Reached XP level 3. HP: 30/30 MP: 3/3
  1105 | D:2      | Reached skill level 5 in Fighting
  1105 | D:2      | Reached XP level 4. HP: 35/39 MP: 4/4
  1316 | D:2      | Found Efauwiat's Armour Shop.
  1390 | D:2      | Found Wogacomu's Weapon Shop.
  1657 | D:3      | Noticed Sigmund
  1860 | D:4      | Noticed a phantom
  1894 | D:4      | Killed a phantom
  1895 | D:4      | Reached XP level 5. HP: 30/46 MP: 5/5
  2196 | D:5      | Entered Level 5 of the Dungeon
  2212 | D:5      | Reached XP level 6. HP: 22/55 MP: 6/6
  2558 | D:4      | Found a staircase to the Ecumenical Temple.
  2568 | Temple   | Entered the Ecumenical Temple
  2741 | Temple   | Became a worshipper of Gozag Ym Sagoz the Greedy
  2829 | D:5      | Noticed an ice beast
  2890 | D:4      | Killed an ice beast
  3072 | D:5      | Reached XP level 7. HP: 26/62 MP: 7/7
  3738 | D:4      | Reached XP level 8. HP: 5/72 MP: 8/8
  4560 | D:3      | Noticed Natasha
  4581 | D:3      | Killed Natasha
  4658 | D:3      | Noticed Grinder
  4787 | D:2      | Bought a +0 spectral lajatang for 474 gold pieces
  4843 | D:3      | Noticed Natasha
  4902 | D:6      | Reached skill level 10 in Fighting
  4934 | D:6      | Reached skill level 1 in Staves
  4936 | D:6      | Reached skill level 2 in Staves
  5199 | D:6      | Reached skill level 3 in Staves
  5372 | D:6      | Found Xucat's Distillery.
  5386 | D:6      | Reached skill level 4 in Staves
  5600 | D:6      | Found a shadowy altar of Dithmenos.
  5752 | D:7      | Reached skill level 5 in Staves
  5785 | D:7      | Reached XP level 9. HP: 78/78 MP: 9/9
  5839 | D:7      | Reached skill level 6 in Staves
  6204 | D:7      | Noticed Prince Ribbit
  6207 | D:7      | Killed Prince Ribbit
  6208 | D:7      | Reached skill level 7 in Staves
  6437 | D:8      | HP: 3/78 [steam dragon (1)]
  7148 | D:8      | Reached skill level 8 in Staves
  7706 | D:9      | Reached skill level 9 in Staves
  7740 | D:9      | Noticed Joseph
  7751 | D:9      | Killed Joseph
  7752 | D:9      | Reached XP level 10. HP: 78/85 MP: 10/10
  7989 | D:9      | Noticed Erolcha
  7991 | D:9      | Killed Erolcha
  7992 | D:9      | Reached skill level 10 in Staves
  7999 | D:9      | Noticed Gastronok
  8008 | D:9      | Killed Gastronok
  8009 | D:9      | Reached skill level 11 in Staves
  8083 | D:9      | Found a runed translucent door.
  8549 | D:9      | Noticed Grum
  8559 | D:9      | Killed Grum
  8993 | D:10     | Entered Level 10 of the Dungeon
  8993 | D:10     | Found a staircase to the Lair.
  8996 | D:10     | Reached XP level 11. HP: 90/90 MP: 11/11
  9008 | D:9      | Reached skill level 12 in Staves
  9199 | D:2      | Bought a +4 scale mail of fire resistance for 372 gold
                  | pieces
  9199 | D:2      | Bought a +0 pair of boots of flying for 138 gold pieces
  9289 | D:3      | Killed Sigmund
  9440 | D:3      | Killed Natasha
  9654 | D:10     | Got the Octavo of the Transforming Lithosphere
  9818 | D:10     | Reached skill level 13 in Staves
  9951 | D:10     | Found Buneope Reno's Antique Armour Boutique.
  9964 | D:10     | Bought a dazzling cloak for 266 gold pieces
  9964 | D:10     | Identified the +4 cloak "Cuodaer" {rC+} (You bought it in a
                  | shop on level 10 of the Dungeon)
 10160 | D:11     | Identified the +1 ring mail of Sharp Intercession {Rampage
                  | rC+ Will+ Int-2}
 10626 | D:11     | Noticed a two-headed ogre
 10635 | D:11     | Killed a two-headed ogre
 10678 | D:11     | Noticed a two-headed ogre
 10687 | D:11     | Killed a two-headed ogre
 10689 | D:11     | Noticed a death knight
 10698 | D:11     | Killed a death knight
 10723 | D:11     | Reached XP level 12. HP: 58/97 MP: 8/12
 10723 | D:11     | Noticed a boulder beetle
 10922 | D:12     | Found a portal to a secret trove of treasure.
 10963 | D:11     | Reached skill level 5 in Dodging
 11080 | D:11     | Killed a boulder beetle
 11461 | D:11     | You are sucked into a shaft and drop 3 floors!
 11558 | D:14     | Noticed Agnes
 11561 | D:14     | Mangled by Agnes

Illustrated notes

Levels and vault maps discovered:
D:1:      lordsloth_arrival_two_stooges, layout_rooms,
          shapermc_ecumenical_altar_notcrosses, minmay_misc_feat_rugged,
          minmay_splitting_lines, minivault_14
D:2:      layout_rooms, serial_shops, nicolae_shop_statue_plus,
          nicolae_shop_bloodbath_and_beyond, minmay_misc_feat_room
D:3:      layout_basic, uniq_grinder, uniq_natasha, uniq_sigmund
D:4:      layout_rooms, mainiacjoe_overflow_chevrons, temple_statues,
          chequers_serial_rivers_micro_c
D:5:      layout_cave_pools, nicolae_ossuary_entry_false_entrances,
          chequers_serial_rivers_room_b
D:6:      layout_rooms, mainiacjoe_overflow_alcove_2, serial_curves,
          eino_curves_04, eino_curves_01, serial_shops, shop, st_stairs_1,
          serial_park_tiny_1, minivault_4
D:7:      layout_rooms, uniq_prince_ribbit1
D:8:      layout_basic, enter_bailey_3
D:9:      layout_irregular_city, lightli_church_of_beogh, uniq_gastronok,
          uniq_joseph, uniq_erolcha, uniq_grum
D:10:     layout_cave_pools, minmay_lair_entry_grove, serial_shops, shop_coins
D:11:     layout_loops_ring, david_orc_4, nzn_random_ring
D:12:     layout_loops_ring, enter_trove_2, uniq_snorg
D:14:     layout_grid_maze, ebering_ghost_reflecting_pool,
          minmay_misc_feat_hallway, uniq_rupert, uniq_agnes
Temple:   nicolae_temple_bog_church

Skill      XL: |  1  2  3  4  5  6  7  8  9 10 11 12 |
---------------+-------------------------------------+-----
Fighting       | 4 5 6 7 8 9 10 | 10.0
Staves         | 5 9 11 13 | 13.8
Dodging        | 4 6 |  6.4
Polearms       | |  2.4
Stealth        | |  1.5

Action                   |  1- 3 |  4- 6 |  7- 9 | 10-12 || total
-------------------------+-------+-------+-------+-------++-------
Melee: Spear             |   158 |   250 |   117 |       ||   525
       Punch             |     2 |     1 |     1 |       ||     4
       Lajatang          |       |       |   112 |   252 ||   364
Throw: Javelin           |       |    10 |    12 |     4 ||    26
       Dart              |       |     9 |     9 |    17 ||    35
Evoke: Wand              |       |       |       |     1 ||     1
  Use: Scroll            |       |     8 |     4 |     5 ||    17
 Stab: Sleeping          |     2 |       |       |       ||     2
       Distracted        |       |       |     1 |     3 ||     4
       Paralysed         |       |       |       |     3 ||     3
Armor: Robe              |    10 |       |       |       ||    10
       Scale mail        |    21 |    10 |       |    45 ||    76
       Plate armour      |       |   120 |    78 |    43 ||   241
Dodge: Dodged            |   114 |   135 |   128 |   147 ||   524
